 Dungeon Crawl Stone Soup version 0.23-a0-642-g3120c2f5a9 (webtiles) character file.

88 CheiIsBae the Slasher (level 4, -4/39 HPs)
             Began as a Naga Gladiator on Dec 31, 2018.
             Was a Follower of Cheibriados.
             Slain by an orc
             ... wielding a +2 long sword of protection
              (6 damage)
             ... on level 3 of the Dungeon.
             The game lasted 00:04:27 (2514 turns).

CheiIsBae the Slasher (Naga Gladiator)              Turns: 2514, Time: 00:04:27

Health: -4/39      AC:  6    Str: 18    XL:     4   Next: 53%
Magic:  4/4        EV:  9    Int: 12    God:    Cheibriados [*.....]
Gold:   50         SH:  0    Dex: 14    Spells: 3/3 levels left

rFire    + . .     SeeInvis +   a - +0 long sword
rCold    + . .     Gourm    .   (no shield)
rNeg     . . .     Faith    .   l - +0 ring mail
rPois    +         Spirit   .   c - +0 helmet
rElec    .         Reflect  .   (no cloak)
rCorr    .         Harm     .   q - +1 pair of gloves
MR       .....                  (no barding)
Stlth    +.........             (no amulet)
HPRegen  0.13/turn              x - ring of protection from cold
MPRegen  0.09/turn              i - ring of protection from fire

@: very slow
A: large, see invisible, deformed body, poison resistance, slowness 2, slow
metabolism 1, spit poison 1, AC +1
a: Spit Poison, Bend Time, Renounce Religion


You were on level 3 of the Dungeon.
You worshipped Cheibriados.
Cheibriados was aware of your devotion.
You were not hungry.

You visited 1 branch of the dungeon, and saw 3 of its levels.

You collected 50 gold pieces.

Inventory:

Hand Weapons
 a - a +0 long sword (weapon)
Armour
 c - a +0 helmet (worn)
 l - a +0 ring mail (worn)
 q - a +1 pair of gloves (worn)
Jewellery
 i - a ring of protection from fire (right hand)
 n - an uncursed ring of protection from magic
 x - a ring of protection from cold (left hand)
Scrolls
 b - a scroll of enchant armour
 e - a scroll of remove curse
 h - 2 scrolls of magic mapping {unknown}
 j - a scroll of enchant weapon {unknown}
 k - a scroll of fear {unknown}
 m - a scroll of amnesia {unknown}
 o - 2 scrolls of identify {unknown}
 r - a scroll of teleportation {unknown}
 v - a scroll of random uselessness {unknown}
 w - a scroll of noise {unknown}
Potions
 g - a potion of degeneration {unknown}
 p - 3 potions of resistance {unknown}
 s - a potion of heal wounds {unknown}
 t - a potion of ambrosia {unknown}
Comestibles
 f - 9 rations


   Skills:
 - Level 2.0 Fighting
 + Level 5.2 Long Blades
 - Level 1.7 Throwing
 - Level 2.4 Dodging


You had 3 spell levels left.
You didn't know any spells.
Your spell library was empty.

Dungeon Overview and Level Annotations

Branches:
Dungeon (3/15)

Altars:
Cheibriados
Ru
Trog
The Shining One


Innate Abilities, Weirdness & Mutations

You cannot wear boots.
Your serpentine skin is tough. (AC +1)
You have supernaturally acute eyesight. (SInv)
Armour fits poorly on your strangely shaped body.
Your system is resistant to poisons. (rPois)
You cover ground very slowly.
You have a slow metabolism.
You can spit poison.


Message History

Aim: a gnoll, wielding a +0 spear (severely wounded) Marked for pickup.
Okay, then.
Press: ? - help, Shift-Dir - straight line, f - orc, p - gnoll
Aim: an orc, wielding a +2 long sword of protection and wearing a +0 leather The splash of poison hits the gnoll.
You kill the gnoll!
Cheibriados appreciates the change of pace.
You feel slightly more hungry.
The orc hits you with a +2 long sword of protection.
* * * LOW HITPOINT WARNING * * *
You barely miss the orc.
You have got your breath back.
The orc hits you with a +2 long sword of protection.
* * * LOW HITPOINT WARNING * * *
The orc wizard gestures wildly while chanting.
The orc wizard blinks!
You closely miss the orc.
The orc hits you with a +2 long sword of protection.
You die...

....... .....!. #######
....... #.o@..### .......
##)###...### .......###§§#
###...# .....g.##.##
###.######## ♣...##o######
#.##.....#
♣g..).....>###....###.#
♣≈P≈≈≈.................##.#
♣≈≈≈≈P≈..........#####....###
≈≈≈≈≈≈≈P♣.........# ##.......


You could see an orc.

Vanquished Creatures
  3 gnolls (D:3)
  An ooze (D:2)
  A worm (D:2)
  A dart slug (D:1)
  A leopard gecko (D:1)
  3 orcs (D:3)
  6 bats
  A giant cockroach (D:2)
  9 hobgoblins
  6 kobolds
  A quokka (D:2)
  4 frilled lizards
  5 goblins
  5 rats
47 creatures vanquished.

Notes
Turn   | Place    | Note
-------+----------+-------------------------------------------
     0 | D:1      | CheiIsBae the Naga Gladiator began the quest for the Orb.
     0 | D:1      | Reached XP level 1. HP: 19/19 MP: 1/1
   250 | D:1      | Reached XP level 2. HP: 9/26 MP: 2/2
   877 | D:1      | Reached skill level 4 in Long Blades
  1125 | D:2      | Reached XP level 3. HP: 32/32 MP: 3/3
  1149 | D:2      | Found a glowing golden altar of the Shining One.
  1150 | D:2      | Found a bloodstained altar of Trog.
  1150 | D:2      | Found a sacrificial altar of Ru.
  1375 | D:2      | Found a snail-covered altar of Cheibriados.
  1492 | D:2      | Became a worshipper of Cheibriados the Contemplative
  2327 | D:3      | Reached * piety under Cheibriados
  2425 | D:3      | Reached XP level 4. HP: 38/39 MP: 4/4
  2504 | D:3      | Reached skill level 5 in Long Blades
  2514 | D:3      | Slain by an orc

Vault maps used:
D:1:      psy_arrival_conway, fountainhead
D:2:      chequers_temple_overflow_statue_of_worship, serial_forest,
          infiniplex_forest_clump_diagonal, infiniplex_forest_straight_1,
          infiniplex_forest_straight_3, infiniplex_forest_end_3,
          infiniplex_forest_lined_2, infiniplex_forest_lined_room_,
          infiniplex_forest_end_1, infiniplex_forest_corner_2,
          kennysheep_generic_room_4
D:3:      serial_bayou_lagoon_b

Skill      XL: |  1  2  3  4 |
---------------+-------------+-----
Long Blades    | 4 5 |  5.2
Fighting       | |  2.0
Throwing       | |  1.7
Dodging        | |  2.4

Action                   |  1- 3 |  4- 6 || total
-------------------------+-------+-------++-------
Melee: Long sword        |    95 |    14 ||   109
Throw: Throwing net      |       |     4 ||     4
 Abil: Spit Poison       |     4 |     1 ||     5
  Use: Scroll            |       |     2 ||     2
 Stab: Held in net/web   |       |     1 ||     1
  Eat: Chunk             |     4 |       ||     4
Armor: Leather armour    |     3 |       ||     3
       Ring mail         |    34 |    11 ||    45
Dodge: Dodged            |    58 |    12 ||    70
       Rpst.: Long sword |    21 |     2 ||    23

Table legend:
 A = Non-vault XP
 B = Vault XP
 C = Vault XP percentage of total XP
 D = Non-vault monster count
 E = Vault monster count
 F = Vault count percentage of total count
                 A         B        C        D         E       F
            +---------+---------+-------+---------+---------+-------
      Total |     125 |       1 |   0.8 |      46 |       1 |   2.1
            +---------+---------+-------+---------+---------+-------
        D:1 |      33 |       0 |   0.0 |      19 |       0 |   0.0
        D:2 |      38 |       1 |   2.6 |      18 |       1 |   5.3
        D:3 |      54 |       0 |   0.0 |       9 |       0 |   0.0
            +---------+---------+-------+---------+---------+-------
